 Dungeon Crawl Stone Soup version 0.28.0-43-g3370ac3207 (webtiles) character file.

Game seed: 2376208520512895704

14796 Zonian the Chiller (level 11, 0/70 HPs)
             Began as a Demonspawn Ice Elementalist on Mar 1, 2022.
             Was a Priest of Nemelex Xobeh.
             Slain by a manticore (9 damage)
             ... on level 2 of the Lair of Beasts.
             The game lasted 00:43:32 (21045 turns).

Zonian the Chiller (Demonspawn Ice Elementalist)   Turns: 21045, Time: 00:43:33

Health: 0/70       AC:  9    Str: 10    XL:     11   Next: 93%
Magic:  19/30      EV: 14    Int: 28    God:    Nemelex Xobeh [***...]
Gold:   337        SH:  0    Dex: 13    Spells: 4/24 levels left

rFire   . . .      SeeInvis +   M - +2 dagger (venom)
rCold   + + .      Faith    .   (no shield)
rNeg    . . .      Spirit   .   L - +1 leather armour "Uxicut" {Str+2 Slay+3 SInv}
rPois   +          Reflect  .   q - +0 helmet
rElec   .          Harm     .   e - +2 cloak
rCorr   +          Rampage  .   (no gloves)
Will    .....                   (no boots)
Stlth   ++........              (no amulet)
HPRegen 0.21/turn               J - ring "Mybing" {rPois rC++ rCorr MP+9 Int+6 Stlth-}
MPRegen 0.22/turn               g - ring of wizardry

@: no status effects
A: rugged brown scales 1, demonic guardian 1, demonic magic 2, demonic touch 2
a: Renounce Religion, Draw Escape, Draw Destruction, Draw Summoning, Triple Draw


You were on level 2 of the Lair of Beasts.
You worshipped Nemelex Xobeh.
Nemelex Xobeh was most pleased with you.
You visited 3 branches of the dungeon, and saw 12 of its levels.

You collected 565 gold pieces.
You spent 228 gold pieces at shops.

Inventory:

Hand Weapons
 c - a +0 short sword
 B - a +5 morningstar
 E - a +3 dagger
 M - a +2 dagger of venom (weapon)
Missiles
 s - 6 poisoned darts
 u - 2 atropa-tipped darts
 D - 4 throwing nets
Armour
 b - a +2 leather armour of willpower
 e - a +2 cloak (worn)
 i - +0 steam dragon scales
 q - a +0 helmet (worn)
 C - a +0 buckler
 H - a +2 robe of willpower
 L - the +1 leather armour "Uxicut" (worn) {Str+2 Slay+3 SInv}
   (You took it off an orc wizard on level 9 of the Dungeon)

   Str:       It affects your strength (+2).
   Slay:      It affects your accuracy & damage with ranged weapons and melee
   (+3).
   SInv:      It lets you see invisible.
Jewellery
 g - a ring of wizardry (right hand)
 h - a ring of ice
 m - a ring of wizardry
 n - a +6 ring of strength
 o - an amulet of faith
 v - a +4 ring of evasion
 J - the ring "Mybing" (left hand) {rPois rC++ rCorr MP+9 Int+6 Stlth-}
   (You took it off a kobold demonologist on level 9 of the Dungeon)

   [ring of intelligence]

   Int:       It affects your intelligence (+6).
   rC:        It greatly protects you from cold.
   rPois:     It protects you from poison.
   MP:        It affects your magic capacity (+9).
   rCorr:     It protects you from acid and corrosion.
   Stlth:     It makes you less stealthy.
Wands
 r - a wand of iceblast (8)
 t - a wand of charming (11)
 y - a wand of acid (5)
 A - a wand of digging (4)
 F - a wand of mindburst (8)
 K - a wand of flame (7)
Scrolls
 a - a scroll of fear
 f - 4 scrolls of teleportation
 p - 3 scrolls of fog
 w - 2 scrolls of magic mapping
 x - a scroll of enchant armour
 z - 3 scrolls of identify
 I - a scroll of amnesia
Potions
 d - 6 potions of curing
 j - 6 potions of attraction
 k - 3 potions of mutation
 l - 3 potions of heal wounds
 G - 2 potions of lignification


   Skills:
 - Level 5.0 Short Blades
 + Level 2.4 Armour
 + Level 7.0 Dodging
 + Level 7.6 Stealth
 + Level 7.0 Spellcasting
 + Level 3.5 Conjurations
 - Level 4.0 Necromancy
 + Level 7.8 Ice Magic
 + Level 6.1 Air Magic
 + Level 6.7 Poison Magic


You had 4 spell levels left.
You knew the following spells:

 Your Spells              Type           Power      Damage    Failure   Level
a - Freeze                Ice            100%       1d11      1%          1
b - Frozen Ramparts       Ice            100%       1d12      1%          3
c - Ozocubu's Armour      Ice            52%        N/A       1%          3
d - Poisonous Vapours     Pois/Air       92%        N/A       1%          2
e - Vampiric Draining     Necr           32%        2d8       1%          3
f - Olgreb's Toxic Radia  Pois           47%        N/A       1%          4
g - Hailstorm             Conj/Ice       41%        3d10      2%          4

Your spell library contained the following spells:

 Spells                   Type           Power      Damage    Failure   Level
 Animate Skeleton         Necr           64%        N/A       1%          1
 Pain                     Necr           100%       1d9       1%          1
 Sting                    Tmut/Pois      100%       1d8       1%          1
 Ensorcelled Hibernation  Hex/Ice        62%        N/A       1%          2
 Static Discharge         Conj/Air       37%        N/A       1%          2
 Beastly Appendage        Tmut           18%        N/A       2%          1
 Spider Form              Tmut/Pois      28%        N/A       2%          3
 Wereblood                Tmut           9%         N/A       4%          2
 Portal Projectile        Hex/Tloc       18%        N/A       9%          3
 Anguish                  Hex/Necr       10%        N/A       12%         4
 Lightning Bolt           Conj/Air       18%        1d33      11%         5
 Excruciating Wounds      Necr           16%        N/A       16%         5
 Blade Hands              Tmut           4%         N/A       58%         5
 Maxwell's Capacitive Co  Air            22%        ∞         100%        8


Dungeon Overview and Level Annotations

Branches:
Dungeon (9/15)             Temple (1/1) D:4            Lair (2/6) D:9
 Shoals (0/4) Lair:2
  Snake: Lair:2-4    Spider: Lair:2-4       Orc: D:9-12

Altars:
Ashenzari
Cheibriados
Dithmenos
Elyvilon
Fedhas
Gozag
Hepliaklqana
Kikubaaqudgha
Nemelex Xobeh
Okawaru
Qazlal
Ru
Sif Muna
Trog
Uskayaw
Vehumet
Wu Jian
Xom
Yredelemnul
Zin
The Shining One

Shops:
D:7 !

Annotations:
D:7 3 runed translucent doors, Crazy Yiuf; mortz's ghost, novice FoEE
D:9 exclusion: ice statue


Innate Abilities, Weirdness & Mutations

You are partially covered in rugged brown scales. (AC +1, +3% HP)
A weak demonic guardian rushes to your aid.
Spells you cast may paralyse nearby enemies.
Your touch may inflict irresistible damage on your foes.


Message History

Confirm with . or Enter, or press ? or * to list all spells.
Okay, then.
Casting: Hailstorm (dangerous; 2% risk of failure)
Confirm with . or Enter, or press ? or * to list all spells.
A film of ice covers your body! Malevolent energies surge around you.
The wind drake suddenly stops moving!
Casting: Ozocubu's Armour (safe; 1% risk of failure)
Confirm with . or Enter, or press ? or * to list all spells.
Aiming: Poisonous Vapours (safe; 1% risk of failure)
Press: ? - help, Dir - move target, f - manticore, p - wind drake
Aim: a manticore (heavily wounded) Poisonous vapours surround the manticore!
The manticore is poisoned.
Malevolent energies surge around you.
Unknown command.
Casting: Poisonous Vapours (safe; 1% risk of failure)
Confirm with . or Enter, or press ? or * to list all spells.
Aiming: Poisonous Vapours (safe; 1% risk of failure)
Press: ? - help, Dir - move target, f/p - manticore
Aim: a manticore (heavily wounded, very poisoned) Poisonous vapours surround the manticore!
The manticore looks as sick as possible!
Malevolent energies surge around you.
The manticore suddenly stops moving!
The wind drake is no longer paralysed.
Your orb of destruction hits a rock wall.
The wind drake exhales a fierce blast of wind!
Your icy armour cracks and falls away as you move.
You are blown backwards!
Your hellwing and the manticore are blown away by the wind.
Unknown command.
Your hellwing swoops through the air toward the wind drake!
Your hellwing barely misses the wind drake.
Your hellwing completely misses the wind drake.
You hit the wind drake but do no damage.
The wind drake looks as sick as possible!
You touch the wind drake.
The wind drake is almost dead.
You kill the wind drake!
The manticore is no longer paralysed.
The manticore bites you!
You die...
Your body glows slightly and disappears.

....#.##...###.#
............°##.#
............!...# ###
.........°......#######P.#
................##.#.#....
...............4..........
.......................... P
.......................... #.
...............H@........# #.
.#.......................# P.
##..#.#................... #....
####......................###....
# ##.P#.................##......
### #.P........#.........##......
..# ....##....#..........P#......
.###.....####P###..P.............
...P....## ## ####.............


You could see a manticore (extremely poisoned, ally target) and a friendly
hellwing (summoned).

Vanquished Creatures
  A boulder beetle (D:9)
  Harold (D:7)
  A two-headed ogre (D:9)
  A death yak (D:9)
  Pikel (D:8)
  An ugly thing (D:7)
  Maurice (D:9)
  A black mamba (Lair:2)
  Maggie (D:6)
  A cane toad (Lair:1)
  7 komodo dragons
  A kobold demonologist (D:9)
  A wind drake (Lair:2)
  Prince Ribbit (D:7)
  A shadow (D:6)
  2 wraiths
  3 yaks (D:9)
  A wyvern (Lair:2)
  Eustachio (D:6)
  A steam dragon (D:8)
  8 water moccasins
  Duvessa (D:5)
  A black bear (D:2)
  An orc warrior (D:9)
  An ice beast (D:6)
  4 sky beasts
  4 wolves (Lair:2)
  5 ogres
  4 centaurs
  A kobold brigand (D:9)
  A wyvern zombie (D:9)
  6 bullfrogs
  A scorpion (D:5)
  Dowan (D:5)
  10 killer bees
  2 electric eels (Lair:1)
  11 wights
  3 howler monkeys (D:8)
  A bullfrog zombie (D:5)
  2 centaur skeletons
  2 centaur zombies
  2 orc priests
  2 hounds
  A jelly (D:6)
  A bullfrog skeleton (D:5)
  Jessica (D:3)
  3 iguanas
  7 orc wizards
  A hound skeleton (D:5)
  3 howler monkey zombies
  4 gnolls (D:5)
  16 adders
  2 worms
  3 dart slugs
  17 orcs
  6 endoplasms
  8 goblins
  4 hobgoblins
  2 jackals (D:3)
  4 kobolds
  A quokka (D:1)
  7 ball pythons
  2 bats
  5 frilled lizards
  8 rats
209 creatures vanquished.

Vanquished Creatures (collateral kills)
  2 death yaks (D:9)
  A cane toad (Lair:2)
3 creatures vanquished.

Vanquished Creatures (others)
  2 fungi
  4 plants
6 creatures vanquished.

Grand Total: 218 creatures vanquished

Notes
Turn   | Place    | Note
-------+----------+-------------------------------------------
     0 | D:1      | Zonian the Demonspawn Ice Elementalist began the quest for
                  | the Orb.
     0 | D:1      | Reached XP level 1. HP: 13/13 MP: 3/3
   189 | D:1      | Gained mutation: Spells you cast may paralyse adjacent
                  | enemies. [demonic ancestry]
   189 | D:1      | Reached XP level 2. HP: 15/19 MP: 0/5
  1133 | D:2      | Reached XP level 3. HP: 20/24 MP: 1/6
  1624 | D:2      | Learned a level 3 spell: Frozen Ramparts
  1800 | D:2      | Gained mutation: Your touch may inflict minor irresistible
                  | damage on your foes. [demonic ancestry]
  1800 | D:2      | Reached XP level 4. HP: 24/30 MP: 2/7
  2598 | D:2      | Found a shimmering altar of Xom.
  2629 | D:2      | Reached XP level 5. HP: 35/35 MP: 9/9
  2783 | D:2      | Noticed a black bear
  2805 | D:2      | Killed a black bear
  2806 | D:2      | Reached skill level 1 in Short Blades
  3038 | D:2      | You fall into a shaft and drop 1 floor!
  3201 | D:3      | Noticed Jessica
  3207 | D:3      | Killed Jessica
  3208 | D:3      | Gained mutation: Your touch may inflict irresistible damage
                  | on your foes. [demonic ancestry]
  3208 | D:3      | Reached XP level 6. HP: 38/41 MP: 10/10
  3993 | D:2      | Found a faded altar of an unknown god.
  4332 | D:4      | Learned a level 3 spell: Ozocubu's Armour
  4335 | D:4      | Learned a level 2 spell: Poisonous Vapours
  4341 | D:4      | Found a staircase to the Ecumenical Temple.
  4885 | Temple   | Entered the Ecumenical Temple
  5436 | Temple   | Became a worshipper of Nemelex Xobeh the Trickster
  5486 | D:5      | Entered Level 5 of the Dungeon
  5544 | D:5      | Noticed a sky beast
  5549 | D:5      | Killed a sky beast
  5550 | D:5      | Reached skill level 1 in Air Magic
  5550 | D:5      | Reached skill level 1 in Poison Magic
  5550 | D:5      | Gained mutation: You are partially covered in rugged brown
                  | scales. (AC +1, +3% HP) [demonic ancestry]
  5550 | D:5      | Reached XP level 7. HP: 41/47 MP: 8/12
  5979 | D:5      | Found a radiant altar of Vehumet.
  6175 | D:5      | Noticed Dowan
  6176 | D:5      | Noticed Duvessa
  6209 | D:5      | Killed Dowan
  6285 | D:5      | Reached skill level 5 in Ice Magic
  6460 | D:5      | Learned a level 3 spell: Vampiric Draining
  6675 | D:5      | Killed Duvessa
  7109 | D:5      | Reached skill level 1 in Necromancy
  7109 | D:5      | Gained mutation: Spells you cast may paralyse nearby
                  | enemies. [demonic ancestry]
  7109 | D:5      | Reached XP level 8. HP: 45/53 MP: 10/14
  7920 | D:6      | Noticed Eustachio
  8146 | D:6      | Killed Eustachio
  8970 | D:6      | Reached XP level 9. HP: 58/58 MP: 11/15
  9209 | D:6      | Noticed Maggie
  9222 | D:6      | Killed Maggie
  9223 | D:6      | Reached skill level 5 in Stealth
  9491 | D:6      | Found a shadowy altar of Dithmenos.
 10383 | D:6      | Learned a level 4 spell: Olgreb's Toxic Radiance
 10503 | D:7      | Reached * piety under Nemelex Xobeh
 10511 | D:7      | Noticed Harold
 10523 | D:7      | Found Foun's Distillery.
 10540 | D:7      | Bought a potion of heal wounds for 60 gold pieces
 10540 | D:7      | Bought 3 potions of curing for 108 gold pieces
 10540 | D:7      | Bought a potion of heal wounds for 60 gold pieces
 11131 | D:7      | Found a runed translucent door.
 11132 | D:7      | Noticed Crazy Yiuf
 11186 | D:7      | Reached skill level 5 in Spellcasting
 11429 | D:7      | Noticed a brown ugly thing
 11458 | D:7      | Killed a brown ugly thing
 11459 | D:7      | Reached skill level 5 in Dodging
 11765 | D:7      | Noticed Prince Ribbit
 11813 | D:7      | Found a large runed translucent door.
 11813 | D:7      | Found a large runed translucent door.
 11815 | D:7      | Noticed mortz's ghost (novice FoEE)
 11891 | D:7      | Killed Prince Ribbit
 11934 | D:7      | Killed Harold
 11935 | D:7      | Gained mutation: A weak demonic guardian rushes to your
                  | aid. [demonic ancestry]
 11935 | D:7      | Reached XP level 10. HP: 51/64 MP: 8/18
 12511 | D:8      | Received a gift from Nemelex Xobeh
 12645 | D:8      | Noticed Pikel
 12653 | D:8      | Killed Pikel
 12654 | D:8      | Reached skill level 5 in Poison Magic
 12813 | D:8      | Found a broken altar of Ashenzari.
 13872 | D:8      | Reached skill level 5 in Short Blades
 13967 | D:8      | Found an opulent altar of Gozag.
 13968 | D:8      | Found a hazy altar of Hepliaklqana.
 15124 | D:9      | Learned a level 4 spell: Hailstorm
 15255 | D:9      | Reached ** piety under Nemelex Xobeh
 15268 | D:9      | Noticed a death yak
 15295 | D:9      | Noticed Maurice
 15311 | D:9      | Noticed a two-headed ogre
 15319 | D:9      | Killed a two-headed ogre
 15320 | D:9      | Reached skill level 5 in Air Magic
 15326 | D:9      | Reached skill level 1 in Conjurations
 15327 | D:9      | Killed Maurice
 15839 | D:9      | Noticed a death yak
 15840 | D:9      | Noticed a death yak
 15840 | D:9      | Noticed a death yak
 15842 | D:9      | Noticed a death yak
 15842 | D:9      | Noticed a death yak
 15842 | D:9      | Noticed a death yak
 15868 | D:9      | Reached XP level 11. HP: 22/70 MP: 11/20
 15868 | D:9      | Killed a death yak
 16375 | D:9      | Identified the +1 scale mail of the Morning {Regen+}
 16884 | D:9      | Received a gift from Nemelex Xobeh
 16935 | D:9      | Noticed a boulder beetle
 16946 | D:9      | Killed a boulder beetle
 17278 | D:9      | Identified the ring "Mybing" {rPois rC++ rCorr MP+9 Int+6
                  | Stlth-}
 17590 | D:9      | Found a snail-covered altar of Cheibriados.
 17618 | D:9      | Found a staircase to the Lair.
 17631 | D:9      | Identified the +1 leather armour "Uxicut" {Str+2 Slay+3
                  | SInv}
 17724 | D:9      | Killed a death yak
 17727 | D:9      | Killed a death yak
 17733 | Lair:1   | Entered Level 1 of the Lair of Beasts
 17747 | Lair:1   | Reached skill level 1 in Armour
 19914 | Lair:2   | Reached *** piety under Nemelex Xobeh
 21010 | Lair:2   | Received a gift from Nemelex Xobeh
 21031 | Lair:2   | Found a staircase to the Shoals.
 21045 | Lair:2   | Slain by a manticore

Illustrated notes

Levels and vault maps discovered:
D:1:      wander_arrival_estate, layout_loops_cross, grunt_decor_one_mirror
D:2:      layout_loops_ring, basic_altar, chequers_ecumenical_altar_twisty,
          minmay_snake_closets
D:3:      layout_loops_corners, minmay_diced_spiral, uniq_jessica
D:4:      layout_loops_ring, minmay_temple_entry_slanted, serial_glass,
          glass_columns_a, glass_columns_a
D:5:      layout_basic, nicolae_overflow_hidden_temple,
          nicolae_vehumet_radiance, hangedman_decor_peaks_small, uniq_duvessa
D:6:      layout_cave_pools, mainiacjoe_overflow_alcove_4, uniq_maggie,
          uniq_eustachio
D:7:      layout_loops_ring, lemuel_crystal_altar, ebering_ghost_disaster_area,
          nicolae_stop_n_shop_2, hangedman_decor_diamond_cutter, uniq_harold,
          uniq_prince_ribbit1, uniq_crazy_yiuf_cottage
D:8:      layout_loops_ring, evilmike_ruin_ashenzari,
          gammafunk_temple_overflow_pools, serial_co_window_serial,
          co_window_paths_b, co_window_of_opportunity_a, co_window_paths_a,
          co_window_of_opportunity_a, co_window_corner_a, co_window_paths_a,
          co_window_of_opportunity_a, co_window_corner_b, co_window_cross_4,
          co_window_cross_2, co_window_4corner_b, glass_columns_c, minivault_11,
          uniq_pikel
D:9:      minmay_separated_statues, layout_irregular_city, tso_altar,
          cheibriados_altar_1, dpeg_lair_monsters, minmay_pinched_square,
          uniq_maurice
Temple:   nicolae_temple_hex_pool
Lair:1:   hellmonk_warped_wall, layout_chaotic_city
Lair:2:   layout_cave_shapes, minmay_shoals_entry_beasts,
          infiniplex_staircase_pool_2

Skill      XL: |  1  2  3  4  5  6  7  8  9 10 11 |
---------------+----------------------------------+-----
Stealth        | 2 3 4 5 6 7 |  7.6
Dodging        | 2 3 4 5 6 7 |  7.0
Ice Magic      | 4 5 6 7 |  7.8
Short Blades   | 1 2 3 4 5 |  5.0
Spellcasting   | 3 4 5 6 7 |  7.0
Air Magic      | 1 2 3 4 5 6 |  6.1
Poison Magic   | 1 2 3 4 5 6 |  6.7
Necromancy     | 1 2 4 |  4.0
Conjurations   | 1 3 |  3.5
Armour         | 2 |  2.4

Action                   |  1- 3 |  4- 6 |  7- 9 | 10-12 || total
-------------------------+-------+-------+-------+-------++-------
Melee: Unarmed           |    11 |       |       |       ||    11
       Short sword       |    25 |    77 |   172 |    11 ||   285
       Touch             |       |    20 |    36 |    42 ||    98
       Punch             |       |       |     1 |     5 ||     6
       Dagger            |       |       |       |   232 ||   232
 Cast: Freeze            |    45 |    27 |    20 |    19 ||   111
       Frozen Ramparts   |       |     3 |    20 |    22 ||    45
       Poisonous Vapours |       |       |    17 |    56 ||    73
       Ozocubu's Armour  |       |       |     2 |     4 ||     6
       Olgreb's Toxic Ra |       |       |     1 |     2 ||     3
       Hailstorm         |       |       |       |     2 ||     2
       Vampiric Draining |       |       |       |    13 ||    13
Invok: Draw Destruction  |       |       |       |     9 ||     9
Evoke: Wand              |       |       |     2 |    10 ||    12
  Use: Scroll            |       |    12 |     4 |     5 ||    21
       Potion            |       |       |       |     3 ||     3
 Stab: Paralysed         |     6 |     5 |    24 |    28 ||    63
       Sleeping          |     2 |    11 |     2 |     1 ||    16
Armor: Robe              |    11 |    21 |    35 |    13 ||    80
       Steam dragon scal |       |       |    23 |    32 ||    55
       Leather armour    |       |       |       |    17 ||    17
Dodge: Dodged            |    36 |    40 |   116 |   158 ||   350
